 Dungeon Crawl Stone Soup version 0.26-a0-667-g92642533e4 (webtiles) character file.

Game seed: 7777485606113882368

36 spooktacular the Vandal (level 3, -1/24 HPs)
             Began as a Halfling Hunter on Oct 16, 2020.
             Slain by a gnoll
             ... wielding a +0 halberd
              (12 damage)
             ... on level 3 of the Dungeon.
             The game lasted 00:04:01 (591 turns).

spooktacular the Vandal (Halfling Hunter)            Turns: 591, Time: 00:04:02

Health: -1/24      AC:  8    Str: 13    XL:     3   Next: 57%
Magic:  12/12      EV:  8    Int:  9    God:
Gold:   27         SH:  0    Dex: 15    Spells: 2/2 levels left

rFire    . . .     SeeInvis .   a - +1 hunting sling
rCold    . . .     Faith    .   (shield restricted)
rNeg     . . .     Spirit   .   m - +0 chain mail
rPois    .         Reflect  .   (no helmet)
rElec    .         Harm     .   (no cloak)
rCorr    .         Rampage  .   (no gloves)
MR       .....                  (no boots)
Stlth    ..........             (no amulet)
HPRegen  0.08/turn              g - ring of magical power
MPRegen  0.13/turn              (no ring)

@: no status effects
A: small, mutation resistance 1
a: no special abilities


You were on level 3 of the Dungeon.
You visited 1 branch of the dungeon, and saw 3 of its levels.

You collected 27 gold pieces.

Inventory:

Hand Weapons
 a - a +1 hunting sling (weapon)
 b - a +0 short sword
 n - a +0 spear
Missiles
 l - 6 arrows (quivered)
Armour
 c - a +0 leather armour
 m - a +0 chain mail (worn)
Jewellery
 g - a ring of magical power (left hand)
Scrolls
 e - 2 scrolls of immolation {unknown}
 i - 2 scrolls of amnesia {unknown}
 j - a scroll of identify {unknown}
 k - a scroll of enchant armour {unknown}
Potions
 h - a potion of heal wounds {unknown}
 o - a potion of haste {unknown}


   Skills:
 + Level 2.0 Fighting
 + Level 6.8 Slings
 + Level 1.0 Armour
 + Level 2.4 Dodging
 + Level 1.1 Stealth


You had 2 spell levels left.
You didn't know any spells.
Your spell library was empty.

Dungeon Overview and Level Annotations

Branches:
Dungeon (3/15)

Altars:


Innate Abilities, Weirdness & Mutations

You are small and have problems with some larger weapons.
You are somewhat resistant to further mutation.


Message History

You toss away an arrow.
The arrow hits the gnoll but does no damage.
The gnoll hits you but does no damage.
The gnoll hits you from afar with a +0 halberd.
The gnoll hits you from afar with a +0 spear.
The gnoll hits you but does no damage.
Tossing away (i - inventory)
l - 8 arrows (quivered)
Press: ? - help, Shift-Dir - straight line, f/p - gnoll
Aim: a gnoll, wielding a +0 spear You toss away an arrow.
The arrow closely misses the gnoll.
The gnoll barely misses you. The gnoll hits you but does no damage.
Tossing away (i - inventory)
l - 7 arrows (quivered)
Press: ? - help, Shift-Dir - straight line, f/p - gnoll
Aim: a gnoll, wielding a +0 spear You toss away an arrow.
The arrow hits the gnoll but does no damage.
The gnoll barely misses you.
The gnoll hits you from afar with a +0 halberd!
Ouch! That really hurt!
You die...

#........... #.
###(..(....... #.
#.............
#.##.............
#.(..............
#####...........##..
##...........##..####
#.#.....(......##.##
#(..g.@(((.....(..#
.....g####(.##..####
...## ##....## .
....... .........
#.....<...
...........
..#......(...


You could see 2 gnolls.

Vanquished Creatures
  2 adders (D:3)
  A dart slug (D:2)
  4 bats
  A goblin (D:1)
  2 hobgoblins
  4 kobolds
  3 frilled lizards
17 creatures vanquished.

Notes
Turn   | Place    | Note
-------+----------+-------------------------------------------
     0 | D:1      | spooktacular the Halfling Hunter began the quest for the
                  | Orb.
     0 | D:1      | Reached XP level 1. HP: 14/14 MP: 1/1
    30 | D:1      | Reached skill level 6 in Slings
    37 | D:1      | Reached XP level 2. HP: 19/19 MP: 2/2
   361 | D:3      | Reached XP level 3. HP: 17/24 MP: 3/3
   383 | D:3      | Reached skill level 1 in Armour
   591 | D:3      | Slain by a gnoll

Illustrated notes

Levels and vault maps discovered:
D:1:      dpeg_arrival_tiny_d, layout_rooms
D:2:      layout_basic, old_standard_altar, old_standard_altar,
          okawaru_altar_gauntlet_db, lemuel_statue_altar
D:3:      layout_rooms, kiku_gazebo_pond_becter, minmay_tree_intersection

Skill      XL: |  1  2  3 |
---------------+----------+-----
Slings         | 6 |  6.8
Fighting       | 2 |  2.0
Armour         | 1 |  1.0
Dodging        | |  2.4
Stealth        | |  1.1

Action                   || total
-------------------------++-------
 Fire: Hunting sling     ||    62
Armor: Leather armour    ||     1
       Chain mail        ||    49
Dodge: Dodged            ||    39

Table legend: (Time is in decaauts)
 A = Elapsed time spent in this place.
 B = Non-inter-level travel time spent in this place.
 C = Inter-level travel time spent in this place.
 D = Time resting spent in this place.
 E = Time spent auto-exploring this place.
 F = Levels seen in this place.
 G = Mean time per level.
                   A        B        C        D        E       F      G
               +--------+--------+--------+--------+--------+-----+--------+
         Total |    586 |    586 |      0 |    191 |      0 |   3 |  195.3 |
       Dungeon |    586 |    586 |      0 |    191 |      0 |   3 |  195.3 |
               +--------+--------+--------+--------+--------+-----+--------+

Top non-repeatable levels by time:
     D:3: 293 daAuts
     D:2: 193 daAuts
     D:1: 99 daAuts
